 Dungeon Sprint DCSS version 0.31-a0-845-g9abc20d24f (webtiles) character file.

Game seed: 9178819874011501213

31 Joey1 the Severer (level 6, -9/56 HPs)
             Began as a Minotaur Fighter on Oct 1, 2023.
             Was an Initiate of Gozag.
             Mangled by a two-headed ogre
             ... wielding a +0 giant club
              (25 damage)
             ... in the Dungeon (Sprint VI: "Thunderdome").
             The game lasted 00:06:34 (344 turns).

Joey1 the Severer (Minotaur Fighter)                 Turns: 344, Time: 00:06:34

Health: -9/56      AC: 11    Str: 22    XL:     6   Next: 33%
Magic:  5/5        EV:  9    Int: 11    God:    Gozag
Gold:   86         SH:  5    Dex: 12    Spells: 5/5 levels left

rFire   . . .        a - +0 war axe
rCold   . . .        c - +0 buckler
rNeg    . . .        b - +0 scale mail
rPois   +            (helmet restricted)
rElec   .            (no cloak)
rCorr   .            (no gloves)
SInv    +            (no boots)
Will    ++...        (no amulet) Stlth
                     o - ring "Nutudes" {rPois Will+ AC+4 Dex+2 SInv}
HPRegen 0.29/turn    q - ring "Nareiwn" {Will+ Int+6}
MPRegen 0.09/turn

%: no teleportation
@: hasted, very quick
A: horns 2, retaliatory headbutt
a: Renounce Religion, Potion Petition, Call Merchant, Bribe Branch


You were in the Dungeon.
You worshipped Gozag.
Gozag was noncommittal.
You visited 1 branch You collected 673 gold pieces.
You spent 587 gold pieces at shops.

Inventory:

Hand Weapons
 a - a +0 war axe (weapon)
 r - a +0 broad axe
Armour
 b - a +0 scale mail (worn)
 c - a +0 buckler (worn)
 s - the +0 cloak of the Bagpipe {rF- rC+ Int+3}
   (You bought it in a shop in the Dungeon)

   Int+3:     It affects your intelligence (+3).
   rF-:       It makes you vulnerable to fire.
   rC+:       It protects you from cold.
Jewellery
 o - the ring "Nutudes" (left hand) {rPois Will+ AC+4 Dex+2 SInv}
   (You bought it in a shop in the Dungeon)

   [ring of protection]

   AC+4:      It affects your AC (+4).
   Dex+2:     It affects your dexterity (+2).
   rPois:     It protects you from poison Will+: It increases your willpower.
   SInv:      It lets you see invisible.
 p - the amulet of Ziamn {Spirit Dex+2}
   (You bought it in a shop in the Dungeon)

   [amulet of guardian spirit]

   Spirit:    It causes incoming damage to be divided between your reserves of
   health and magic.
   Dex+2:     It affects your dexterity (+2).
 q - the ring "Nareiwn" (right hand) {Will+ Int+6}
   (You bought it in a shop in the Dungeon)

   [ring of intelligence]

   Int+6:     It affects your intelligence (+6).
   Will+:     It increases your willpower.
Wands
 k - a wand of acid (5)
 l - a wand of roots (5)
Scrolls
 j - 4 scrolls of blinking
 m - 3 scrolls of fog
Potions
 d - a potion of might
 e - a potion of curing
 f - 3 potions of heal wounds
 g - 3 potions of haste
 h - 2 potions of magic
 i - a potion of berserk rage
 n - a potion of resistance


   Skills:
 - Level 5.0 Fighting
 * Level 15.2 Axes
 - Level 5.0 Armour
 - Level 4.0 Shields


You had 5 spell levels left.
You didn't know any spells.
Your spell library was empty.

Dungeon Overview and Level Annotations

Branches:
Dungeon (1/1)

Altars:
Cheibriados
Dithmenos
Fedhas
Gozag
Kikubaaqudgha
Makhleb
Okawaru
Qazlal
Ru
Sif Muna
Trog
Uskayaw
Vehumet
Wu Jian
Xom
Yredelemnul
Zin
The Shining One
Lugonu

Shops:
D *[=??*?*:[((!!!!


Innate Abilities, Weirdness & Mutations

You have a pair of horns on your head.
You reflexively headbutt those who attack you in melee.


Message History

You now have 31 arena points (gained 28).
You feel sick.
Your Axes skill increases to level 15!
You feel sick.
You now have 498 gold pieces (gained 36).
You feel sick.
You feel sick.
You now have 538 gold pieces (gained 40).
You feel sick.
You feel sick.
You are no longer poisoned.
There is an entrance to Opijety's Weapon Rack here.
r - a +0 broad axe Thank you for shopping at Opijety's Weapon Rack!
There is an entrance to Bupigedo's Identification Station here.
There is an entrance to Unefusoe's Advanced Armour here.
You no longer have enough gold to petition Gozag for potion effects.
s - the +0 cloak of the Bagpipe {rF- rC+ Int+3} Thank you for shopping at Unefusoe's Advanced Armour!
Get ready!
ROUND 3!
FIGHT!
An ogre mage comes into view. It is wielding a +0 whip.
A two-headed ogre comes into view. It is wielding two +0 giant clubs.
You hit the two-headed ogre but do no damage.
You slash the two-headed ogre!
The two-headed ogre is lightly wounded.
The two-headed ogre hits you with a +0 giant club.
The two-headed ogre closely misses you.
You barely miss the two-headed ogre.
The two-headed ogre is lightly wounded.
The two-headed ogre hits you with a +0 giant club!! x2
* * * LOW HITPOINT WARNING * * *
You feel much better.
The ogre mage shouts!
You feel yourself speed up.
The two-headed ogre hits you with a +0 giant club!!
* * * LOW HITPOINT WARNING * * *
The two-headed ogre hits you with a +0 giant club!!
You die...
Your body crumbles into a pile of gold.

#........_# #_......._#
###.........### #⌠...........⌠#
######.8.........8.######
##∩___......###......___∩##
###∩........8.# #.8........∩###
##.............###.O...........##
#⌠..........###.@O###..........⌠#
#⌠..........# #.<.# #..........⌠#
#⌠..........###...###..........⌠#
##............)###.............##
###∩........8.# #.8........∩###
##∩___......###........_∩##
######.8.........8.######
#⌠...........⌠# ###.........###


You could see a two-headed ogre and an ogre mage.

Vanquished Creatures
  5 scorpions (D)
  A killer bee (D)
  An orc (D)
  A goblin (D)
8 creatures vanquished.

Notes
Turn   | Place    | Note
-------+----------+-------------------------------------------
     0 | D        | Joey1 the Minotaur Fighter began the quest for the Orb.
     0 | D        | Reached XP level 1. HP: 19/19 MP: 0/0
     1 | D        | Found a radiant altar of Vehumet.
     1 | D        | Found an ornate altar of the Wu Jian Council.
     2 | D        | Found a shimmering altar of Xom.
     2 | D        | Found a basalt altar of Yredelemnul.
     3 | D        | Found a burning altar of Makhleb.
     3 | D        | Found an ancient bone altar of Kikubaaqudgha.
     4 | D        | Found Bupigedo's Identification Station.
     4 | D        | Found an opulent altar of Gozag.
     4 | D        | Found a snail-covered altar of Cheibriados.
     4 | D        | Found Ogigh's Timeless Talismans.
     5 | D        | Found Unefusoe's Advanced Armour.
     5 | D        | Found Zocunuv's Jewellery.
     5 | D        | Round 1.
     7 | D        | Found a shimmering blue altar of Sif Muna.
    11 | D        | Became a worshipper of Gozag Ym Sagoz the Greedy
    16 | D        | Bought a translucent wooden ring for 45 gold pieces
    16 | D        | Identified the ring "Nutudes" {rPois Will+ AC+4 Dex+2 SInv}
                  | (You bought it in a shop in the Dungeon)
    16 | D        | Bought a bound diamond amulet for 45 gold pieces
    16 | D        | Identified the amulet of Ziamn {Spirit Dex+2} (You bought
                  | it in a shop in the Dungeon)
    16 | D        | Bought a sparkling bronze ring for 45 gold pieces
    16 | D        | Identified the ring "Nareiwn" {Will+ Int+6} (You bought it
                  | in a shop in the Dungeon)
    30 | D        | Found Remaagiet's Premium Goods.
    30 | D        | Found Mukhlit's Miscellaneous Merchandise.
    31 | D        | Found Uple's Basic Armour.
    40 | D        | Found a corrupted altar of Lugonu.
    40 | D        | Found a sacrificial altar of Ru.
    40 | D        | Found Opijety's Weapon Rack.
    59 | D        | Found an iron altar of Okawaru.
    59 | D        | Found Quohuf's Do-It-Yourself Clinic.
    59 | D        | Found Nibaosm's Bottled Wisdom.
    60 | D        | Found Mot Aba's Distillery.
    65 | D        | Found Plog's Distillery.
    65 | D        | Found a bloodstained altar of Trog.
    65 | D        | Found a stormy altar of Qazlal.
    65 | D        | Found a glowing golden altar of the Shining One.
    76 | D        | Found a shadowy altar of Dithmenos.
    78 | D        | Found a glowing silver altar of Zin.
    78 | D        | Found a blossoming altar of Fedhas.
    78 | D        | Found Itabrip's Staff Store.
    78 | D        | Found Rohein's Must-Have Magic.
    79 | D        | Found Juof Cih's Magic Scroll Shop.
    84 | D        | Found Ommuphabb's Magic Scroll Shop.
    84 | D        | Found a hide-covered altar of Uskayaw.
   182 | D        | Noticed Sigmund
   189 | D        | Reached skill level 3 in Axes
   193 | D        | Arena points: 3 (+3) [x1]
   207 | D        | Round 2.
   208 | D        | Noticed a killer bee
   211 | D        | Noticed a scorpion
   213 | D        | Killed a killer bee
   214 | D        | Reached skill level 5 in Fighting
   214 | D        | Reached skill level 7 in Axes
   214 | D        | Reached skill level 5 in Armour
   214 | D        | Reached XP level 2. HP: 27/29 MP: 1/1
   214 | D        | Reached XP level 3. HP: 34/36 MP: 2/2
   222 | D        | Killed a scorpion
   223 | D        | Reached skill level 10 in Axes
   223 | D        | Reached XP level 4. HP: 36/42 MP: 3/3
   234 | D        | Noticed a scorpion
   242 | D        | Killed a scorpion
   243 | D        | Reached skill level 11 in Axes
   243 | D        | Reached XP level 5. HP: 48/48 MP: 4/4
   258 | D        | Reached skill level 13 in Axes
   268 | D        | Reached skill level 14 in Axes
   268 | D        | Reached XP level 6. HP: 56/56 MP: 5/5
   287 | D        | Arena points: 31 (+28) [x2]
   288 | D        | Reached skill level 15 in Axes
   300 | D        | Bought a +0 broad axe for 120 gold pieces
   316 | D        | Bought a bloodstained cloak for 332 gold pieces
   316 | D        | Identified the +0 cloak of the Bagpipe {rF- rC+ Int+3} (You
                  | bought it in a shop in the Dungeon)
   325 | D        | Round 3.
   327 | D        | Noticed an ogre mage
   334 | D        | Noticed a two-headed ogre
   344 | D        | Mangled by a two-headed ogre

Illustrated notes

Levels and vault maps discovered:
D:        arena_sprint

Skill      XL: |  1  2  3  4  5  6 |
---------------+-------------------+-----
Fighting       | 5 |  5.0
Axes           | 7 10 11 14 15 | 15.2
Armour         | 5 |  5.0
Shields        | 4 |  4.0

Action                     |  1- 3 |  4- 6 || total
---------------------------+-------+-------++-------
  Melee: War axe           |    16 |    21 ||    37
         Headbutt          |     4 |     1 ||     5
    Use: Potion            |       |     2 ||     2
 Armour: Scale mail        |    12 |    10 ||    22
  Dodge: Dodged            |     8 |     6 ||    14
  Block: Buckler           |     4 |     4 ||     8

Table legend: (Time is in decaauts)
 A = Elapsed time spent in this place.
 B = Non-inter-level travel time spent in this place.
 C = Inter-level travel time spent in this place.
 D = Time resting spent in this place.
 E = Time spent auto-exploring this place.
 F = Levels seen in this place.
 G = Mean time per level.
                   A        B        C        D        E       F      G
               +--------+--------+--------+--------+--------+-----+--------+
         Total |    345 |    345 |      0 |     32 |      0 |   1 |  345.0 |
       Dungeon |    345 |    345 |      0 |     32 |      0 |   1 |  345.0 |
               +--------+--------+--------+--------+--------+-----+--------+

Top non-repeatable levels by time:
       D: 345 daAuts
